 Dungeon Crawl Stone Soup version 0.31.0-32-g396128a36d (webtiles) character file.

Game seed: 4958875884176253614

40 tizbic2 the Covered (level 3, -2/31 HPs)
             Began as a Demigod Fighter on Apr 7, 2024.
             Slain by a ribbon worm (6 damage)
             ... on level 2 of the Dungeon.
             The game lasted 00:02:36 (492 turns).

tizbic2 the Covered (Demigod Fighter)                Turns: 492, Time: 00:02:37

Health: -2/31      AC:  6    Str: 21    XL:     3   Next: 14%
Magic:  5/5        EV:  9    Int: 10    God:
Gold:   75         SH:  4    Dex: 13    Spells: 2/2 levels left

rFire   . . .        a - +0 trident
rCold   . . .        c - +0 buckler
rNeg    . . .        b - +0 scale mail
rPois   .            (no helmet)
rElec   .            (no cloak)
rCorr   .            (no gloves)
SInv    .            (no boots)
Will    .....        (no amulet) Stlth
                     (no ring)
HPRegen 0.25/turn    (no ring)
MPRegen 0.09/turn

%: no passive effects
@: no status effects
A: high MP 1, forlorn, divine attributes
a: no special abilities


You were on level 2 of the Dungeon.
You visited 1 branch of the dungeon, and saw 2 of its levels.

You collected 75 gold pieces.

Inventory:

Hand Weapons
 a - a +0 trident (weapon)
Armour
 b - a +0 scale mail (worn)
 c - a +0 buckler (worn)
Talismans
 g - a granite talisman
Scrolls
 e - a scroll of vulnerability {unknown}
 h - a scroll of silence {unknown}
Potions
 d - a potion of might
 f - a potion of invisibility {unknown}
 i - a potion of mutation {unknown}


   Skills:
 - Level 3.0 Fighting
 - Level 2.2 Polearms
 - Level 3.0 Armour
 - Level 2.9 Shields
 + Level 0.3 Unarmed Combat
 * Level 0.5 Shapeshifting


You had 2 spell levels left.
You didn't know any spells.
Your spell library was empty.

Dungeon Overview and Level Annotations

Branches:
Dungeon (2/15)


Innate Abilities, Weirdness & Mutations

You have an increased reservoir of magic. (+10% MP)
You shall have no god before yourself.
Your divine heritage dramatically boosts your attributes as you level up.


Message History

You feel very sick. The adder closely misses you.
You miss the adder.
The adder is severely wounded.
You feel sick. The adder bites you but does no damage.
The adder barely misses you.
You barely miss the adder.
The adder is severely wounded.
You feel sick. The adder closely misses you.
You closely miss the adder.
The adder is severely wounded.
You feel sick. The adder barely misses you. The adder bites you.
You hit the adder.
The adder is almost dead.
You feel sick. The adder bites you.
You are more poisoned.
The adder poisons you! The adder bites you.
You barely miss the adder.
The adder is almost dead.
You feel sick. The adder bites you but does no damage.
You closely miss the adder.
The adder is almost dead.
You feel sick. The adder bites you but does no damage.
The adder closely misses you.
You hit the adder.
You kill the adder!
You feel sick.
You have reached level 3!
Your experience leads to a dramatic increase in your attributes!
Increase (S)trength, (I)ntelligence, or (D)exterity?
You feel stronger. x4
You puncture the ribbon worm!
The ribbon worm is heavily wounded.
You feel sick. You block the ribbon worm's attack.
You puncture the ribbon worm!
The ribbon worm is almost dead.
You feel sick.
You are no longer poisoned.
The ribbon worm bites you.
You die...

...# #... ###
#########.###.###.....
###########..................#
.............######...#.####....
)........)...### #..<.....!....
.............'.# #.##.####..##
.............#.# #.##..# ..
##############.####.##...>
#..@w..####### #####..# .....
...(... ....... ....... .......
.......


You could see a ribbon worm.

Vanquished Creatures
  2 adders (D:2)
  A dart slug (D:1)
  4 ball pythons (D:1)
  2 endoplasms (D:1)
  3 goblins (D:1)
  2 hobgoblins
  2 kobolds
  2 quokkas (D:1)
  A frilled lizard (D:1)
  A rat (D:1)
20 creatures vanquished.

Notes
Turn   | Place    | Note
-------+----------+-------------------------------------------
     0 | D:1      | tizbic2 the Demigod Fighter began the quest for the Orb.
     0 | D:1      | Reached XP level 1. HP: 18/18 MP: 3/3
    65 | D:1      | Reached XP level 2. HP: 25/25 MP: 4/4
   491 | D:2      | Reached XP level 3. HP: 7/31 MP: 5/5
   492 | D:2      | Slain by a ribbon worm

Illustrated notes

Levels and vault maps discovered:
D:1:      roderic_chinese_lattice_arrival, layout_basic
D:2:      layout_basic

Skill      XL: |  1  2 |
---------------+-------+-----
Polearms       | 2 |  2.2
Armour         | 3 |  3.0
Fighting       | 3 |  3.0
Shields        | |  2.9
Unarmed Combat | |  0.3
Shapeshifting  | |  0.5

Action                     || total
---------------------------++-------
  Melee: Trident           ||    62
 Armour: Scale mail        ||    34
  Dodge: Dodged            ||    18
  Block: Buckler           ||     9
         Form:             ||     1
         Statue            ||     1
